 Dungeon Crawl Stone Soup version 0.31-a0-164-g2312942fda (webtiles) character file.

Game seed: 4542637013865986648

1018 qw the Skirmisher (level 8, -13/49 HPs)
             Began as a Gargoyle Hunter on June 13, 2023.
             Was an Initiate of Okawaru.
             Killed by divine providence
             ... invoked by an orc priest
              (17 damage)
             ... on level 5 of the Dungeon.
             The game lasted 00:01:42 (4069 turns).

qw the Skirmisher (Gargoyle Hunter)                 Turns: 4069, Time: 00:01:43

Health: -13/49     AC: 14    Str: 15    XL:     8   Next: 22%
Magic:  8/8        EV: 11    Int: 10    God:    Okawaru [......]
Gold:   133        SH:  5    Dex: 15    Spells: 7/7 levels left

rFire   . . .        Y - +1 shortbow
rCold   . . .        (shield currently unavailable)
rNeg    + . .        g - +0 ring mail
rPois   inf          i - +0 helmet
rElec   +            (no cloak)
rCorr   .            c - +0 pair of gloves
SInv    .            e - +0 pair of boots
Will    .....        b - amulet of reflection
Stlth   +            (no ring)
HPRegen 0.28/turn    (no ring)
MPRegen 0.11/turn

%: reflection
@: no status effects
A: sickness immunity, AC +5, negative energy resistance 1, electricity
resistance, torment resistance 1, petrification resistance
a: Renounce Religion


You were on level 5 of the Dungeon.
You worshipped Okawaru.
Okawaru was noncommittal.
You visited 2 branches of the dungeon, and saw 6 of its levels.

You collected 133 gold pieces.


Innate Abilities, Weirdness & Mutations

You are immune to sickness and miasma.
Your stone body is resilient. (AC +5)
You are immune to poison.
You resist negative energy. (rN+)
You are resistant to electric shocks. (rElec)
You are resistant to unholy torment.
You are immune to petrification.


   Skills:
 - Level 5.0 Fighting
 + Level 8.8 Ranged Weapons
 - Level 2.1 Armour
 - Level 2.2 Dodging
 - Level 1.1 Stealth


You had 7 spell levels left.
You didn't know any spells.
Your spell library was empty.

Inventory:

Hand Weapons
 Y - a +1 shortbow (weapon)
Armour
 c - a +0 pair of gloves (worn)
 e - a +0 pair of boots (worn)
 g - a +0 ring mail (worn)
 i - a +0 helmet (worn)
Jewellery
 b - an amulet of reflection (around neck)
Wands
 j - a wand of digging (5)
Scrolls
 a - a scroll of identify
 l - a scroll of amnesia {unknown}
Potions
 d - a potion of attraction
 f - a potion of might {unknown}
 h - a potion of ambrosia {unknown}
 k - a potion of mutation {unknown}

Dungeon Overview and Level Annotations

Branches:
Dungeon (5/15)             Temple (1/1) D:4

Altars:
Cheibriados
Dithmenos
Elyvilon
Fedhas
Gozag
Hepliaklqana
Kikubaaqudgha
Makhleb
Nemelex Xobeh
Okawaru
Qazlal
Ru
Sif Muna
Trog
Uskayaw
Vehumet
Yredelemnul
The Shining One

Shops:
D:4 [


Message History

The orc priest closely misses you.
You shoot an arrow. The arrow hits the orc priest.
The orc priest is moderately wounded.
The orc priest calls upon Beogh to heal the orc priest.
The orc priest is healed somewhat.
The orc hits you with a +0 mace.
The orc priest hits you with a +0 war axe.
You shoot an arrow. The arrow hits the orc priest.
The orc priest is heavily wounded.
You block the orc's attack.
The orc priest calls upon Beogh to heal the orc priest.
The orc priest is healed somewhat.
The orc priest hits you with a +0 war axe.
You shoot an arrow. The arrow barely misses the orc priest.
The orc misses you.
The orc priest hits you but does no damage.
The orc priest miscasts a cantrip.
You shoot an arrow.
The arrow completely misses the orc priest.
The orc barely misses you.
The orc priest hits you but does no damage. x2
You shoot an arrow.
The arrow closely misses the orc priest.
The orc priest mumbles some strange prayers to Beogh against you.
Beogh smites you! The orc hits you but does no damage.
The orc priest calls down the wrath of Beogh upon you.
Beogh smites you!
You shoot an arrow.
The arrow closely misses the orc priest.
The orc priest closely misses you. The orc hits you but does no damage.
The orc priest misses you.
You shoot an arrow. The arrow hits the orc priest!
The orc priest is severely wounded.
The orc hits you with a +0 mace. You block the orc priest's attack.
The orc priest miscasts a cantrip.
You shoot an arrow. The arrow hits the orc priest!
You kill the orc priest!
Okawaru accepts your kill.
The orc priest calls down the wrath of Beogh upon you.
Beogh smites you!
You die...

........ #....... ##
#....... .. #....... #.
#....... . #. ###.......
... #o########<).......
.....#.o.....####.......
#...)@................
....##.#####.####.......
. ... #.# #....... ..##.
#.# #....... ...
#.#####)####....... ..
#......%........... .
#.#####.####....... #.
#.# #....... #.#
#.......


You could see an orc priest and an orc.

Vanquished Creatures
  Edmund (D:5)
  A black bear (D:4)
  A sky beast (D:4)
  2 ogres
  A scorpion (D:4)
  3 hounds
  2 jellies
  2 orc priests
  2 iguanas (D:4)
  2 orc wizards
  3 adders
  4 gnolls (D:2)
  An ufetubus (D:4)
  2 worms (D:3)
  7 dart slugs
  10 orcs
  9 endoplasms
  5 giant cockroaches
  5 goblins
  4 hobgoblins
  5 jackals
  5 kobolds
  10 quokkas
  5 ball pythons
  7 bats
  5 frilled lizards
  8 rats
112 creatures vanquished.

Vanquished Creatures (others)
  An orc wizard (D:3)
1 creature vanquished.

Grand Total: 113 creatures vanquished

Notes
Turn   | Place    | Note
-------+----------+-------------------------------------------
     0 | D:1      | qw the Gargoyle Hunter began the quest for the Orb.
     0 | D:1      | Reached XP level 1. HP: 12/12 MP: 1/1
     0 | D:1      | 0 ||| qw: Version: 0.2-a-29-gc1b59c4
     0 | D:1      | 0 ||| qw: Game counter: 4452
     0 | D:1      | 0 ||| qw: Always use a shield: true
     0 | D:1      | 0 ||| qw: God list: Okawaru
     0 | D:1      | 0 ||| qw: Allow faded altars: false
     0 | D:1      | 0 ||| qw: Do Orc after D:15 true
     0 | D:1      | 0 ||| qw: Do second Lair branch before Depths: true
     0 | D:1      | 0 ||| qw: Lair rune preference: random
     0 | D:1      | 0 ||| qw: Plans: Normal, Zot:1-4, Slime:5, God:TSO, Crypt,
                  | Tomb, Abyss, Pan, Hells, Win
     0 | D:1      | 0 ||| PLANNING D:1-11
   120 | D:1      | Reached XP level 2. HP: 17/17 MP: 2/2
   538 | D:1      | Reached XP level 3. HP: 21/21 MP: 3/3
   688 | D:1      | Reached skill level 5 in Ranged Weapons
   958 | D:1      | 958 ||| UPGRADING to +0 helmet.
   963 | D:1      | 963 ||| READING scroll labelled YLOESIGIUKK.
   964 | D:1      | 964 ||| READING scroll labelled WOIZENKOQAE.
   965 | D:1      | 965 ||| READING scroll labelled WYUGEN EJULYSU.
   966 | D:1      | 966 ||| READING scroll labelled VOIDOYVIKH.
   971 | D:1      | 971 ||| DROPPING scroll of butterflies.
  1002 | D:2      | Found a hazy altar of Hepliaklqana.
  1007 | D:2      | 1007 ||| STAIRDANCE
  1081 | D:2      | Reached skill level 3 in Fighting
  1081 | D:2      | Reached XP level 4. HP: 27/28 MP: 4/4
  1116 | D:2      | Found a faded altar of an unknown god.
  1303 | D:2      | 1303 ||| FLEEEEING.
  1304 | D:2      | 1304 ||| FLEEEEING.
  1346 | D:2      | Reached XP level 5. HP: 14/32 MP: 5/5
  1346 | D:2      | HP: 8/32 [gnoll/+0 halberd (7)]
  1347 | D:2      | 1347 ||| READING scroll of teleportation.
  1349 | D:2      | HP: 3/32 [gnoll/+0 flail (3)]
  1761 | D:2      | 1761 ||| UPGRADING to +0 pair of boots.
  1766 | D:2      | 1766 ||| UPGRADING to +0 ring mail.
  1776 | D:2      | 1776 ||| DROPPING +0 leather armour.
  1777 | D:2      | 1777 ||| UPGRADING to amulet of reflection.
  1782 | D:2      | 1782 ||| READING scroll labelled CEMOFACRU JICS.
  1783 | D:2      | 1783 ||| DRINKING 2 smoky green potions.
  1887 | D:2      | 1887 ||| DROPPING potion of berserk rage.
  1904 | D:3      | 1904 ||| Stepping ~*~*~tactically~*~*~ (outnumbered).
  1908 | D:3      | Reached skill level 1 in Armour
  1908 | D:3      | 1908 ||| Stepping ~*~*~tactically~*~*~ (outnumbered).
  1921 | D:3      | Reached skill level 6 in Ranged Weapons
  1994 | D:3      | Reached XP level 6. HP: 38/38 MP: 6/6
  2603 | D:3      | 2603 ||| UPGRADING to +0 pair of gloves.
  2608 | D:3      | 2608 ||| READING 3 scrolls of identify.
  2608 | D:3      | 2608 ||| IDENTIFYING clear potion
  2609 | D:3      | 2609 ||| READING 2 scrolls of identify.
  2609 | D:3      | 2609 ||| IDENTIFYING orange potion
  2610 | D:3      | 2610 ||| DROPPING potion of enlightenment.
  2641 | D:4      | 2641 ||| PLANNING SEWER
  2884 | D:4      | Reached skill level 7 in Ranged Weapons
  2889 | D:4      | Reached XP level 7. HP: 33/43 MP: 7/7
  3329 | D:4      | Found Zun Jol's Armour Emporium.
  3352 | D:4      | 3352 ||| RIP SEWER
  3354 | D:4      | 3354 ||| PLANNING D:1-11
  3388 | D:4      | Reached skill level 8 in Ranged Weapons
  3388 | D:4      | Found a staircase to the Ecumenical Temple.
  3389 | D:4      | 3389 ||| PLANNING TEMPLE
  3397 | Temple   | Entered the Ecumenical Temple
  3460 | Temple   | 3460 ||| PLANNING OKAWARU WORSHIP
  3513 | Temple   | Became a worshipper of Warmaster Okawaru
  3513 | Temple   | 3513 ||| PLANNING D:1-11
  3824 | D:5      | Entered Level 5 of the Dungeon
  3834 | D:5      | 3834 ||| STAIRDANCE
  3843 | D:4      | Reached XP level 8. HP: 46/49 MP: 8/8
  3860 | D:5      | 3860 ||| STAIRDANCE
  3899 | D:5      | Noticed Edmund
  3913 | D:5      | Killed Edmund
  4066 | D:5      | HP: 12/49 [orc priest/divine providence (13)]
  4066 | D:5      | HP: 4/49 [orc priest/divine providence (8)]
  4069 | D:5      | Killed from afar by an orc priest

Levels and vault maps discovered:
D:1:      dpeg_arrival_refuge, layout_basic
D:2:      layout_rooms, hellmonk_ecumenical_altar_arch_garden, basic_altar
D:3:      layout_loops_ring, serial_rivers, chequers_serial_rivers_micro_c,
          chequers_serial_rivers_large_b, chequers_serial_rivers_marsh,
          chequers_serial_rivers_micro_b
D:4:      kennysheep_spiral_hall, layout_basic, minmay_temple_entry_grid,
          serial_shops, nicolae_take_the_stairs, portal_sewer_entry_f,
          serial_glass, glass_columns_b, glass_columns_b,
          minmay_strange_pillars, lightli_corner_chamber
D:5:      layout_basic, biasface_ghost_orc_armoury, uniq_grinder, uniq_edmund
Temple:   mainiacjoe_temple_coin_purse

Skill      XL: |  1  2  3  4  5  6  7 |
---------------+----------------------+-----
Ranged Weapons | 5 6 7 8 |  8.8
Fighting       | 3 4 5 |  5.0
Armour         | 1 2 |  2.1
Dodging        | 2 |  2.2
Stealth        | |  1.1

Action                     |  1- 3 |  4- 6 |  7- 9 || total
---------------------------+-------+-------+-------++-------
   Fire: Shortbow          |    70 |   222 |   131 ||   423
    Use: Scroll            |     4 |     4 |       ||     8
         Potion            |       |     1 |       ||     1
 Armour: Leather armour    |    10 |    22 |       ||    32
         Ring mail         |       |    17 |    54 ||    71
  Dodge: Dodged            |    11 |    70 |    43 ||   124
  Block: Other             |       |     7 |    16 ||    23

Table legend:
 A = Non-vault XP
 B = Vault XP
 C = Vault XP percentage of total XP
 D = Non-vault monster count
 E = Vault monster count
 F = Vault count percentage of total count
                 A         B        C        D         E       F
            +---------+---------+-------+---------+---------+-------
      Total |    1195 |     304 |  20.3 |     105 |       8 |   7.1
            +---------+---------+-------+---------+---------+-------
        D:1 |      44 |       0 |   0.0 |      24 |       0 |   0.0
        D:2 |     166 |       0 |   0.0 |      37 |       0 |   0.0
        D:3 |     176 |       0 |   0.0 |      19 |       0 |   0.0
        D:4 |     537 |     142 |  20.9 |      19 |       7 |  26.9
        D:5 |     272 |     162 |  37.3 |       6 |       1 |  14.3
            +---------+---------+-------+---------+---------+-------
